[Event "Early-Titled-Tuesday-Blitz-May-28-2024"]
[Site "Chess.com"]
[Date "2024.05.28"]
[Round "4"]
[White "Felix-Rose"]
[Black "BarloNadera"]
[Result "0-1"]
[WhiteElo "2311"]
[BlackElo "2060"]
[TimeControl "180+1"]
[EndTime "8:40:14 PDT"]
[Termination "BarloNadera won on time"]

1. e4 e6 2. d4 d5 3. Nc3 Bb4 4. e5 c5 5. a3 Bxc3+ 6. bxc3 Qa5 7. Bd2 Qa4 8. Qg4 g6 9. Qd1 Nc6 10. dxc5 Nxe5 11. Qb1 Nc6 12. Nf3 Nge7 13. Bd3 a6 14. Qb3 Qa5 15. Qb6 Qxb6 16. cxb6 e5 17. Be2 f6 18. c4 Be6 19. cxd5 Nxd5 20. O-O O-O-O 21.
a4 Nxb6 22. a5 Nc4 23. Bxc4 Bxc4 24. Rfb1 e4 25. Bc3 exf3 26. Bxf6 fxg2 27. Bxh8 Rxh8 28. Kxg2 Rf8 29. Re1 Bd5+ 30. Kg1 Nd4 31. Re7 Nf3+ 32. Kf1 Nxh2+ 33. Ke2 h5 34. c4 Bxc4+ 35. Ke3 Ng4+ 36.
Kd4 Bb5 37. Rc1+ Bc6 38. Kc5 Rf5+ 39. Kb6 Rb5+ 40. Ka7 Rxa5 41. Rd1 Rd5 42. Rde1 Rd7 43. Re8+ Kc7 44. Rb8 Nf6 45. Re6 Rf7 0-1

[Event "Early-Titled-Tuesday-Blitz-May-28-2024"]
[Site "Chess.com"]
[Date "2024.05.28"]
[Round "4"]
[White "David_George21"]
[Black "Susal_De_Silva"]
[Result "0-1"]
[WhiteElo "2406"]
[BlackElo "2612"]
[TimeControl "180+1"]
[EndTime "8:40:15 PDT"]
[Termination "Susal_De_Silva won on time"]

1. e4 e5 2. Nf3 d6 3. d4 exd4 4. Nxd4 Nf6 5. Nc3 Be7 6. Be2 O-O 7. O-O Re8 8. Re1 c6 9. Be3 Bf8 10. Bd3 Nbd7 11. f4 Nc5 12. Qf3 Bg4 13. Qg3 Bd7 14.
e5 Nxd3 15. cxd3 Nh5 16. Qf3 g6 17. g4 Ng7 18. Ne4 dxe5 19. fxe5 Rxe5 20. Bf4 Rd5 21. Ne2 f5 22. N4c3 fxg4 23. Qg3 Nf5 24. Qxg4 Rxd3 25.
Qg2 Nh4 26. Qe4 Nf3+ 27. Kf2 Nxe1 28. Rxe1 Qh4+ 29. Bg3 Bc5+ 30. Kg2 Bh3+ 31. Kh1 Qxe4+ 32. Nxe4 Bb4 33. Rc1 Re3 34. Nf6+ Kf7 35. Nf4 Bf5 36.
Bh4 Be7 37. Re1 Rxe1+ 38. Bxe1 Bxf6 39. Bc3 Bxc3 40. bxc3 Re8 41. Kg1 Re3 42. Kf2 Rxc3 43. h4 b5 44. h5 b4 45. hxg6+ hxg6 46. Ke2 a5 47. Kd2 a4 48. Ne2 Rc2+ 49. Kd1 Rxa2 50. Nd4 b3 51. Kc1 b2+ 0-1

[Event "Early-Titled-Tuesday-Blitz-May-28-2024"]
[Site "Chess.com"]
[Date "2024.05.28"]
[Round "4"]
[White "MITerryble"]
[Black "Sippp"]
[Result "1-0"]
[WhiteElo "3028"]
[BlackElo "2803"]
[TimeControl "180+1"]
[EndTime "8:40:17 PDT"]
[Termination "MITerryble won on time"]

1. c4 c5 2. g3 Nc6 3. Bg2 g6 4. Nc3 Bg7 5. d3 d6 6. Nf3 Bf5 7. Nh4 Bd7 8. Bd2 Qc8 9. h3 Nf6 10.
Rb1 O-O 11. a3 Rb8 12. b4 b6 13. Nf3 Nd4 14. Nxd4 cxd4 15. Nb5 Bxb5 16. cxb5 Qf5 17. Qa4 Nd5 18. O-O Rbc8 19. Rbc1 Nc3 20. Bxc3 dxc3 21. Qxa7 Qxb5 22. Rc2 e6 23. Bb7 Rc7 24. Qa6 Qd7 25. Bf3 Rb8 26. d4 Ra7 27. Qd3 Rxa3 28. Rxc3 Rxc3 29. Qxc3 e5 30. Kg2 exd4 31. Qc6 Qe7 32.
b5 h5 33. h4 Bf6 34. Rc1 Kg7 35. Rc2 d5 36. Qxd5 Rd8 37. Qb3 Rd6 38. Rc6 Rxc6 39. bxc6 Qc7 40. Qd5 Be5 41. Be4 Qd6 42. Qc4 Qc7 43.
Bd5 Bf6 44. Bxf7 b5 45. Qd5 Qe5 46. Qd7 Qe7 47. Qxe7 Bxe7 48. c7 1-0

[Event "Early-Titled-Tuesday-Blitz-May-28-2024"]
[Site "Chess.com"]
[Date "2024.05.28"]
[Round "4"]
[White "Fore_Man"]
[Black "Glidzhian_Gor"]
[Result "0-1"]
[WhiteElo "2250"]
[BlackElo "2545"]
[TimeControl "180+1"]
[EndTime "8:40:17 PDT"]
[Termination "Glidzhian_Gor won on time"]

1. Nf3 Nf6 2. c4 g6 3. b3 d6 4. Bb2 Bg7 5. e3 O-O 6. d4 Nc6 7. Be2 e5 8. O-O e4 9. Nfd2 h5 10. Nc3 Bf5 11. a3 h4 12. h3 Qd7 13. Re1 Rae8 14. b4 Nh7 15. b5 Nxd4 16. exd4 e3 17. fxe3 Rxe3 18. Nf3 Bxh3 19. Bf1 Rxe1 20. Qxe1 Bg4 21.
Qxh4 Bxf3 22. gxf3 Re8 23. Ne4 d5 24. Nc5 Qf5 25. Qg4 Qc2 26. Qg2 Qxg2+ 27. Kxg2 b6 28. Nd7 dxc4 29. Bxc4 Rd8 30. Ne5 Bxe5 31. dxe5 Rd2+ 32.
Kg3 Rxb2 33. Rd1 Rc2 34. Rd8+ Kg7 35. Bd5 Nf8 36. Ra8 Rc5 37. Bc6 Rxe5 38. Rxa7 Ne6 39.
a4 Re3 40. a5 bxa5 41. Rxa5 Nd4 42. Ra7 Ne6 43. Ra8 Rc3 44. Rc8 Kf6 45. Bd7 Nd4 46.
b6 Rxf3+ 47. Kg4 cxb6 48. Rc4 Rd3 49. Rb4 b5 50. Kf4 Nc2 0-1

[Event "Early-Titled-Tuesday-Blitz-May-28-2024"]
[Site "Chess.com"]
[Date "2024.05.28"]
[Round "4"]
[White "mangochessgo"]
[Black "Alex_Sahakyan2006"]
[Result "1-0"]
[WhiteElo "2601"]
[BlackElo "2835"]
[TimeControl "180+1"]
[EndTime "8:40:18 PDT"]
[Termination "mangochessgo won by checkmate"]

1. d4 Nf6 2. Nf3 d5 3. Bf4 c5 4.
e3 Qb6 5. Nbd2 Nc6 6. dxc5 Qxb2 7. Rb1 Qc3 8. Bb5 e6 9. Ne5 Bd7 10. Nd3 Ne4 11. Bxc6 Bxc6 12. Be5 Qa5 13. f3 Nxc5 14. O-O Nxd3 15. cxd3 f6 16. Nb3 Qd8 17. Bg3 Bd6 18. Nd4 Bxg3 19. hxg3 Qd6 20. g4 O-O 21. Qb3 b6 22. Rfc1 Rfc8 23. Rc3 Bd7 24. Rbc1 Rxc3 25. Rxc3 Kf7 26. Nb5 Bxb5 27. Qxb5 Rd8 28. Kf2 d4 29.
Rc6 dxe3+ 30. Kxe3 Qd4+ 31. Ke2 Rd5 32. Rc7+ Kg6 33.
Qe8+ Kh6 34. Qf7 Qxd3+ 35. Kf2 Rg5 36. Qxe6 Qd2+ 37. Kg3 Re5 38. Qf7 Qe1+ 39. Kh3 Qh1+ 40. Kg3 Qe1+ 41. Kh3 Rg5 42. Rxa7 b5 43. Re7 Qh1+ 44.
Kg3 Qd1 45. Re6 Qd4 46. Kh3 b4 47. Kg3 Re5 48. Rxf6+ gxf6 49. Qxf6# 1-0

[Event "Early-Titled-Tuesday-Blitz-May-28-2024"]
[Site "Chess.com"]
[Date "2024.05.28"]
[Round "4"]
[White "BeautiFullMindChess"]
[Black "RobertJFischer71"]
[Result "0-1"]
[WhiteElo "2359"]
[BlackElo "2644"]
[TimeControl "180+1"]
[EndTime "8:40:18 PDT"]
[Termination "RobertJFischer71 won on time"]

1. e4 e5 2. Nf3 Nc6 3. d4 exd4 4. Nxd4 Nf6 5. Nxc6 bxc6 6. e5 Qe7 7. Qe2 Nd5 8. h4 a5 9. Nd2 Qe6 10. g3 Ba6 11. c4 Nb4 12. Kd1 d5 13. a3 dxc4 14. axb4 Bxb4 15. Bh3 c3 16. Qf3 Qd5 17. Qxd5 cxd5 18.
Nf3 c5 19. e6 f6 20. bxc3 Bxc3 21. Rb1 Bb4 22. Bf4 Ke7 23. h5 Bd3 24. Ra1 a4 25.
Nh4 g5 26. Nf5+ Bxf5 27. Bxf5 gxf4 28. gxf4 a3 29. Kc2 c4 30. Rhg1 Rhg8 31. Rxg8 Rxg8 32. Rb1 Rb8 33. Bxh7 d4 34. Bf5 d3+ 35. Bxd3 cxd3+ 36. Kxd3 Bd6 37. Ra1 Rb3+ 38. Kc4 Rh3 39. f5 Rxh5 40. f3 Rxf5 41. Kd4 Be5+ 42. Ke4 Bxa1 43. Kxf5 a2 44. f4 Bb2 45. Kg6 a1=Q 46. f5 Qg1+ 47. Kh7 Qf2 48. Kg7 Qd4 49. Kg6 Qg4+ 50. Kh6 Qxf5 0-1

[Event "Early-Titled-Tuesday-Blitz-May-28-2024"]
[Site "Chess.com"]
[Date "2024.05.28"]
[Round "4"]
[White "McCarthyStone"]
[Black "Kirill_Klukin"]
[Result "1-0"]
[WhiteElo "2462"]
[BlackElo "2883"]
[TimeControl "180+1"]
[EndTime "8:40:19 PDT"]
[Termination "McCarthyStone won by resignation"]

1. b3 Nf6 2. Bb2 d5 3. Nf3 Bf5 4. e3 e6 5. d3 Nbd7 6. g3 h6 7.
Bg2 Be7 8. O-O O-O 9. Nbd2 c6 10. Qe2 Bh7 11. e4 Nc5 12. Ne5 a5 13. a4 Qc7 14.
f4 dxe4 15. dxe4 Rad8 16. Kh1 Nfd7 17. Ng4 f5 18. exf5 Bxf5 19. Nc4 Nf6 20. Nge5 Be4 21.
Rae1 Rfe8 22. Nf3 Bf5 23. Be5 Bd6 24. Nxd6 Rxd6 25. Bxd6 Qxd6 26. Rd1 Qe7 27. Rfe1 Nce4 28. Nd4 Bg4 29. Bf3 Nc3 30. Qd3 Bxf3+ 31. Qxf3 Nxd1 32.
Rxd1 Qc5 33. c3 Qd5 34. Kg2 Rd8 35. Re1 Kf7 36. Re5 Qxf3+ 37. Kxf3 Rd6 38. Rxa5 Ke7 39. Ra7 Rd7 40. a5 Nd5 41. a6 bxa6 42. Nxc6+ Kd6 43. Rxd7+ Kxd7 44. Ne5+ Kd6 45. c4 Nb4 46. Ke4 Nc6 47. Nxc6 Kxc6 48. Ke5 Kd7 49. b4 Ke7 50. g4 Kd7 51. h4 Ke7 52. h5 Kd7 53. f5 exf5 54. Kxf5 Ke7 55. Ke5 Kd7 56. Kd5 Ke7 1-0

[Event "Early-Titled-Tuesday-Blitz-May-28-2024"]
[Site "Chess.com"]
[Date "2024.05.28"]
[Round "4"]
[White "GambitGiesbergen"]
[Black "Squirlolz"]
[Result "0-1"]
[WhiteElo "2345"]
[BlackElo "2532"]
[TimeControl "180+1"]
[EndTime "8:40:19 PDT"]
[Termination "Squirlolz won by resignation"]

1. a3 f6 2. e4 Nh6 3. d4 Nf7 4. Bc4 e6 5. Nc3 c6 6. Bd3 d5 7. Nf3 Bd6 8. O-O O-O 9. Re1 Nd7 10. e5 fxe5 11. dxe5 Ndxe5 12. Nxe5 Nxe5 13. Rxe5 Bxe5 14. Qh5 Rf5 15. Bxf5 exf5 16. Bg5 g6 17. Qh4 Qc7 18. Re1 Bd7 19. f4 Bd4+ 20. Kh1 Re8 21. h3 Qd6 22. Be7 Bf6 23. Bxf6 Rxe1+ 24. Qxe1 Qxf6 25. Qf2 b6 26. Nd1 d4 27. Qe2 Qe6 28. Qd2 c5 29.
Nf2 Bc6 30. Nd3 Qe4 31. Ne5 Bd5 32. c4 Bb7 33. Kh2 g5 34. Kg3 gxf4+ 35. Qxf4 Qxg2+ 36. Kh4 Be4 37. Nd7 Kf7 38. Ne5+ Ke6 39. Nd3 Bxd3 40.
Qh6+ Qg6 41. Qd2 Qf6+ 42. Kh5 Be4 43. Qf4 Qe5 44. Qh6+ Qf6 45. Qf4 d3 46. Qc7 Qg6+ 47. Kh4 Qf6+ 48. Kg3 d2 49. Qc8+ Kf7 50. Qd7+ Kg6 51.
Qxd2 Qe5+ 52. Kf2 Qd4+ 53. Ke1 Qxd2+ 54. Kxd2 Kg5 0-1

[Event "Early-Titled-Tuesday-Blitz-May-28-2024"]
[Site "Chess.com"]
[Date "2024.05.28"]
[Round "4"]
[White "luachess1"]
[Black "KVAIDAN"]
[Result "1-0"]
[WhiteElo "1732"]
[BlackElo "2305"]
[TimeControl "180+1"]
[EndTime "8:40:19 PDT"]
[Termination "luachess1 won by checkmate"]

1. d4 e6 2. c4 f5 3. Nc3 Nf6 4. e3 Bb4 5. Qc2 b6 6. Be2 Bb7 7. Nf3 Ne4 8. O-O Bxc3 9. bxc3 O-O 10. Nd2 Rf6 11. f3 Nxd2 12. Qxd2 Rh6 13. Bd3 Qh4 14. g3 Rg6 15. Qf2 d6 16. Bd2 Nd7 17. Rae1 Rf8 18. e4 fxe4 19. Bxe4 Bxe4 20. Rxe4 Qe7 21. Qe2 c5 22. f4 Re8 23. f5 Rf6 24. Bg5 e5 25.
Bxf6 Qxf6 26. Re1 Qxf5 27. Rf1 Qg6 28. Rg4 Qe6 29. Qf3 h6 30. d5 Qe7 31. Rg6 e4 32.
Qe3 Nf8 33. Rg4 Kh8 34. Re1 Qf6 35.
Rxe4 Rxe4 36. Qxe4 Qxc3 37. Qe8 Kh7 38. Rf1 Qd4+ 39.
Kg2 Ng6 40. Qe2 Ne5 41. Rf4 Qc3 42. Qe4+ Kg8 43. Qf5 Qd2+ 44. Kh3 Qe2 45. Qf8+ Kh7 46. Qf5+ Ng6 47. Rg4 Qe8 48. Qe6 Qxe6 49. dxe6 Ne7 50. Rf4 Kh8 51. Rf7 Ng6 52. e7 Kh7 53.
e8=Q h5 54. Rf8 Ne5 55. Rh8# 1-0

[Event "Early-Titled-Tuesday-Blitz-May-28-2024"]
[Site "Chess.com"]
[Date "2024.05.28"]
[Round "4"]
[White "KuzubovYuriy"]
[Black "YouJustFoundYourGodfather"]
[Result "0-1"]
[WhiteElo "2875"]
[BlackElo "2611"]
[TimeControl "180+1"]
[EndTime "8:40:20 PDT"]
[Termination "YouJustFoundYourGodfather won by checkmate"]

1. d4 Nf6 2. c4 e6 3. Nf3 d5 4. Nc3 c6 5. e3 Nbd7 6. Be2 Bd6 7. Qc2 dxc4 8. Bxc4 b5 9. Bd3 Bb7 10. O-O O-O 11.
a3 Rc8 12. b4 a5 13. Qb3 e5 14. Bf5 Ra8 15. Bd2 Qe7 16. bxa5 exd4 17. exd4 Bc7 18. Rfe1 Qd8 19. Bg5 Bxa5 20. Bxd7 Qxd7 21. Bxf6 gxf6 22. Ne4 Qd8 23. Re3 Bc8 24. Qc2 f5 25. Nc5 Bc7 26. Rd1 Re8 27. Ne5 Qd5 28. Rg3+ Kh8 29.
f4 f6 30. Ned3 Qxd4+ 31. Kh1 Rxa3 32. Nc1 Rxg3 33. hxg3 Qc4 34. Qb2 Kg7 35. N1b3 Bb6 36. Rc1 Qb4 37. Qc2 Be6 38. Rd1 Bf7 39. Kh2 Re7 40. Rd3 Qc4 41. Rc3 Qb4 42. Nd3 Qe4 43.
Rxc6 Be3 44. Rc8 Rd7 45. Ne1 Qxc2 46. Nxc2 Bf2 47. Rb8 Bxb3 48. Nb4 Bc4 49. Nc6 Rd1 50. Rb7+ Kh6 51. Ne7 Bd3 52. Rd7 Be2 53. Nxf5+ Kg6 54.
Nh4+ Kh5 55. Re7 Re1 56. Rxh7+ Kg4 57. Rg7+ Kh5 58. Nf5 Bg1+ 59. Kh3 Bf2 60. g4+ Bxg4+ 61. Rxg4 Rh1# 0-1

[Event "Early-Titled-Tuesday-Blitz-May-28-2024"]
[Site "Chess.com"]
[Date "2024.05.28"]
[Round "4"]
[White "Tol_Tol"]
[Black "rollercoaster29"]
[Result "1-0"]
[WhiteElo "2389"]
[BlackElo "2533"]
[TimeControl "180+1"]
[EndTime "8:40:20 PDT"]
[Termination "Tol_Tol won on time"]

1. d4 Nf6 2. c4 g6 3. Nc3 Bg7 4. e4 d6 5. f3 Nbd7 6. Be3 O-O 7. Bd3 c5 8. Nge2 cxd4 9. Bxd4 e5 10. Be3 Nc5 11. Bc2 Be6 12. b3 Rc8 13. O-O a6 14.
Qd2 Qe7 15. b4 Ncd7 16. Nd5 Bxd5 17. cxd5 Qd8 18. Bd3 Nb6 19. Rfc1 Na4 20. Bc2 Nb6 21.
Bb3 Nfd7 22. a4 Qe7 23. a5 Na8 24. Ba4 Nc7 25. Rc2 Na8 26. Rac1 Rxc2 27. Rxc2 b6 28. Rc6 Nb8 29. axb6 Rd8 30. Bb3 Bf6 31. Qc3 Kg7 32.
Rc7 Nxc7 33. bxc7 Rc8 34. Bb6 Nd7 35. Ba5 Bg5 36. Bc4 Ra8 37. Bd3 Qe8 38. Qc6 Qc8 39.
Qxd6 Be3+ 40. Kf1 Ra7 41. g3 f6 42. Kg2 Kf7 43. Qe6+ Kg7 44. d6 Rb7 45. Bc4 Ra7 46.
g4 Kh6 47. h4 Kg7 48. Qe7+ Kh8 49. g5 fxg5 50. hxg5 Bd2 51. Be6 1-0

[Event "Early-Titled-Tuesday-Blitz-May-28-2024"]
[Site "Chess.com"]
[Date "2024.05.28"]
[Round "4"]
[White "ValeriyGrinev"]
[Black "BardArtem"]
[Result "1-0"]
[WhiteElo "2588"]
[BlackElo "2797"]
[TimeControl "180+1"]
[EndTime "8:40:23 PDT"]
[Termination "ValeriyGrinev won by resignation"]

1. d4 d5 2. c4 c6 3. e3 Nf6 4.
Bd3 a6 5. Nd2 b5 6. b3 Bg4 7.
Qc2 e6 8. Ngf3 Nbd7 9. O-O Bd6 10. Bb2 O-O 11. Ne5 Rc8 12. Nxg4 Nxg4 13. Bxh7+ Kh8 14.
h3 Qh4 15. Bd3 Ngf6 16. Nf3 Qh5 17. Rac1 g5 18. Ne5 g4 19. hxg4 Nxg4 20. Nxg4 Qxg4 21. f4 Rg8 22. Qe2 Qxe2 23. Bxe2 f5 24. Kf2 Nf6 25. Rh1+ Kg7 26. Bf3 Kf7 27. c5 Bc7 28. Bc3 a5 29. Bd2 Rg7 30. a3 Ra8 31. Rh3 Ke7 32. Rch1 Rag8 33.
Kf1 Kd7 34. Be1 Kc8 35. Bh4 Ne4 36. Bxe4 dxe4 37. Bg5 e5 38. Rh8 exd4 39. Rxg8+ Rxg8 40. exd4 Bd8 41. Rh5 Bxg5 42. Rxg5 Rxg5 43. fxg5 Kd7 44.
Kf2 f4 45. g6 Ke6 46. d5+ cxd5 47. c6 a4 48. bxa4 e3+ 49. Ke2 b4 50. axb4 d4 51.
c7 Kd7 52. g7 1-0

[Event "Early-Titled-Tuesday-Blitz-May-28-2024"]
[Site "Chess.com"]
[Date "2024.05.28"]
[Round "4"]
[White "MaiqMaster"]
[Black "Bykov_Egor"]
[Result "1-0"]
[WhiteElo "2466"]
[BlackElo "2651"]
[TimeControl "180+1"]
[EndTime "8:40:24 PDT"]
[Termination "MaiqMaster won by resignation"]

1. e4 c6 2. Nf3 d5 3. d3 dxe4 4. dxe4 Qxd1+ 5. Kxd1 Bg4 6. Nd2 Nf6 7. Be2 Nbd7 8. Ne1 Bxe2+ 9. Kxe2 g6 10. Nd3 Bg7 11. a4 O-O-O 12. f3 Ne8 13. Nc4 Nd6 14. Nxd6+ exd6 15. Be3 a6 16. Rad1 Rhe8 17. Kf2 h6 18. c3 Kc7 19. h4 f5 20. exf5 gxf5 21. a5 Re6 22. Nf4 Re5 23. Bd4 Rde8 24. Bxe5 dxe5 25. Nh5 Bh8 26. Rhe1 Nc5 27. Ng3 Rf8 28. b4 Ne6 29.
Ne2 Bf6 30. g3 f4 31. Nc1 fxg3+ 32. Kxg3 Rg8+ 33. Kh2 Bxh4 34. Rg1 Rf8 35. Rg6 Ng5 36. Rxh6 Nxf3+ 37. Kg2 Bg5 38. Rh7+ Kc8 39. Nb3 Bd8 40. Nc5 Nh4+ 41. Kh1 Rg8 42. Nxb7 Bf6 43. Nd6+ Kb8 44. Nc4 Nf3 45. Rh3 e4 46. Nd6 Ng5 47. Rg3 Be5 48. Rg4 e3 49. Nc4 e2 50. Re1 Rh8+ 51. Kg2 Bxc3 52.
Rxe2 Nf7 53. Nb6 Bg7 54. Rxg7 1-0

[Event "Early-Titled-Tuesday-Blitz-May-28-2024"]
[Site "Chess.com"]
[Date "2024.05.28"]
[Round "4"]
[White "ManMish2"]
[Black "Erdnya15"]
[Result "0-1"]
[WhiteElo "2687"]
[BlackElo "2510"]
[TimeControl "180+1"]
[EndTime "8:40:30 PDT"]
[Termination "Erdnya15 won by resignation"]

1. e4 c5 2. c3 Nf6 3. e5 Nd5 4. d4 cxd4 5. Nf3 d6 6. Bc4 e6 7.
cxd4 Nb6 8. Bb3 dxe5 9. Nxe5 N8d7 10. Nf3 Be7 11. O-O O-O 12. Nc3 Nf6 13. Bf4 Bd7 14.
Ne5 Bc6 15. Nxc6 bxc6 16. Rc1 Nfd5 17. Be5 Nd7 18. Nxd5 cxd5 19. Bc7 Qc8 20. Ba4 Nb8 21. Bxb8 Qxb8 22. Bc6 Qxb2 23. Bxa8 Rxa8 24. Rc2 Qb4 25. Qd2 Qxd2 26. Rxd2 Rb8 27. g3 g5 28. Rc1 Bf6 29.
Rc7 a5 30. Ra7 Rb4 31. Rxa5 Bxd4 32. Kg2 Bc3 33. Rc2 d4 34. Ra8+ Kg7 35. Rd8 Ra4 36.
Kf3 Kf6 37. Ke4 Ra3 38. Rd7 Ra4 39. Re2 Kg6 40. Kd3 Ra3 41. Kc4 Ra4+ 42. Kb5 Ra5+ 43. Kc4 Ra4+ 44. Kd3 Ra3 45. Rc2 Ba1+ 46. Ke4 f5+ 47.
Ke5 d3+ 48. Kxe6 dxc2 49. Rc7 Rc3 50. Rxc3 Bxc3 51. a4 c1=Q 52. a5 Qe1+ 0-1

[Event "Early-Titled-Tuesday-Blitz-May-28-2024"]
[Site "Chess.com"]
[Date "2024.05.28"]
[Round "4"]
[White "noblerone"]
[Black "ajedrez1101"]
[Result "0-1"]
[WhiteElo "2525"]
[BlackElo "2414"]
[TimeControl "180+1"]
[EndTime "8:40:30 PDT"]
[Termination "ajedrez1101 won by checkmate"]

1. d4 b6 2. Nf3 Bb7 3. Bg5 Nf6 4. Nbd2 e6 5. e3 Be7 6. Bd3 h6 7. Bh4 Nh5 8. Bxe7 Qxe7 9. Ne5 Nf6 10. O-O d6 11. Nef3 Nbd7 12. c4 O-O 13. a4 a5 14. Re1 e5 15. e4 exd4 16. Nxd4 Nc5 17.
Bc2 Qe5 18. N2f3 Qf4 19. Nb5 Rac8 20. e5 dxe5 21. Nxe5 Rfe8 22. Nd3 Qxc4 23. Rxe8+ Nxe8 24. Nxc5 Qxc5 25. Qg4 Qxc2 26. Re1 Qg6 27. Qh3 Nd6 28. Nd4 Re8 29. Rc1 Qg5 30. Rf1 Qd2 31. Nf3 Qxb2 32. Nh4 Qf6 33. Qg3 Qg5 34. Qh3 Re4 35. Nf3 Qg4 36. Qxg4 Rxg4 37. Ne5 Rxa4 38. Rc1 c5 39. f3 c4 40. Rd1 Nf5 41. Rd8+ Kh7 42. Rd7 Bc8 43. Rxf7 Be6 44. Rc7 Ra1+ 45. Kf2 a4 46. g4 Nd4 47. h4 a3 48. h5 a2 49.
Ng6 Rf1+ 50. Kg3 a1=Q 51. Nf8+ Kg8 52. Ng6 Rg1+ 53. Kf4 Qc1+ 54. Ke5 Nxf3+ 55. Kxe6 Re1+ 56. Kd7 Qd2+ 57. Kc8 Re8+ 58. Kb7 Qd5+ 59. Kxb6 Rb8+ 60. Ka7 Qa8# 0-1

[Event "Early-Titled-Tuesday-Blitz-May-28-2024"]
[Site "Chess.com"]
[Date "2024.05.28"]
[Round "4"]
[White "gpsji27"]
[Black "jlf287"]
[Result "0-1"]
[WhiteElo "2306"]
[BlackElo "2496"]
[TimeControl "180+1"]
[EndTime "8:40:31 PDT"]
[Termination "jlf287 won by resignation"]

1. d4 d5 2. c4 e6 3. Nc3 Nf6 4. Bg5 Be7 5. e3 O-O 6. Nf3 h6 7. Bh4 b6 8. Rc1 Bb7 9. Bd3 Nbd7 10. O-O dxc4 11. Bxc4 c5 12. Bd3 cxd4 13. Nxd4 a6 14. Bb1 Rc8 15. Qe2 b5 16. Rfd1 Qb6 17. e4 Ne5 18. Kh1 Ng6 19. Bg3 e5 20. Nf5 Rfe8 21.
a3 Bf8 22. Ba2 Rc7 23. f3 Bc8 24. Ne3 Be6 25. Ncd5 Bxd5 26. Nxd5 Nxd5 27. Bxd5 Rec8 28. Bf2 Bc5 29. Bxc5 Rxc5 30. Rxc5 Qxc5 31. b4 Qc2 32. Qxc2 Rxc2 33. g3 Rc3 34. Ba2 Rxa3 35. Rd8+ Kh7 36. Bxf7 Ne7 37. Re8 Rxf3 38. Rxe7 Rf6 39. Bd5 Rb6 40.
Re6 Rb8 41. Rb6 Rxb6 42. Kg2 Rd6 43. Kf3 g6 44. Ke3 Kg7 45. h4 Kf6 46. g4 g5 47.
h5 Ke7 48. Kd3 Rd8 49. Ke3 Rc8 50. Kd3 0-1

[Event "Early-Titled-Tuesday-Blitz-May-28-2024"]
[Site "Chess.com"]
[Date "2024.05.28"]
[Round "4"]
[White "jcibarra"]
[Black "Kumi29"]
[Result "1-0"]
[WhiteElo "2902"]
[BlackElo "2574"]
[TimeControl "180+1"]
[EndTime "8:40:32 PDT"]
[Termination "jcibarra won by checkmate"]

1. e4 e5 2. Nf3 Nf6 3. Nc3 Nc6 4.
h3 a6 5. d4 exd4 6. Nxd4 Nxe4 7. Nxe4 Qe7 8. Bd3 Nxd4 9. O-O d5 10. Bc4 dxc4 11. Qxd4 Be6 12. Bg5 Qd7 13. Qe5 Qd5 14. Qxc7 Qxe4 15. Rad1 f6 16. Rfe1 Qc6 17. Qxc6+ bxc6 18. Rxe6+ Kf7 19. Rxc6 fxg5 20. Rxc4 Be7 21. Rd7 Rhd8 22.
Rxd8 Rxd8 23. Kf1 Ke6 24. b3 Rd6 25. Ke2 h5 26. Re4+ Kf6 27. Ra4 Rc6 28. c4 Kf5 29. Ra5+ Kf6 30. Rd5 Bb4 31. Kf3 Kg6 32. g4 h4 33. Ke4 Bc5 34. f4 gxf4 35. Kxf4 Bb4 36. Rg5+ Kf6 37. Rf5+ Ke6 38. Kg5 Be7+ 39. Kg6 Rd6 40.
Rf3 Ke5+ 41. Kxg7 Ke4 42. Rf1 Rd3 43. Re1+ Re3 44. Rxe3+ Kxe3 45. Kf7 Bd8 46. c5 Kf3 47. c6 Kg3 48. g5 Kxh3 49. g6 Kh2 50. g7 h3 51.
g8=Q Bc7 52. Qc8 Bg3 53. c7 Kg2 54. Qxh3+ Kxh3 55. c8=Q+ Kh2 56. Qxa6 Kg2 57. Qc4 Kf2 58. a4 Kg2 59. a5 Bf2 60. a6 Kg1 61. b4 Kg2 62. b5 Kg1 63. Qc6 Kh2 64. b6 Kg1 65.
b7 Kh2 66. b8=Q+ Kg1 67. Qf4 Kf1 68. Qff3 Kg1 69. Qg2# 1-0

[Event "Early-Titled-Tuesday-Blitz-May-28-2024"]
[Site "Chess.com"]
[Date "2024.05.28"]
[Round "4"]
[White "FrenchPlayer2203"]
[Black "RedFirePanda"]
[Result "0-1"]
[WhiteElo "2087"]
[BlackElo "2436"]
[TimeControl "180+1"]
[EndTime "8:40:32 PDT"]
[Termination "RedFirePanda won on time"]

1. d4 d5 2. c4 dxc4 3. e3 Nf6 4. Bxc4 c6 5. Nf3 Bg4 6. Qb3 e6 7. Qxb7 Nbd7 8. Qb3 Rb8 9. Qd1 Bb4+ 10. Nc3 Ne4 11. Bd2 Nxd2 12. Qxd2 O-O 13. Be2 Qa5 14. O-O Nf6 15.
Qc2 Rfc8 16. a3 Bd6 17. b4 Qc7 18. h3 Bf5 19. Qd2 Nd5 20. Rfc1 Qe7 21. Bd3 Bg6 22. Bxg6 hxg6 23. Nxd5 cxd5 24. Rxc8+ Rxc8 25. Rc1 Rb8 26. Ne1 a5 27. bxa5 Bxa3 28. Nd3 Bxc1 29. Qxc1 Ra8 30. Qc3 Qa7 31. Kh2 Qxa5 32. Qxa5 Rxa5 33. Ne5 Ra2 34. Kg3 Kf8 35. f3 Ke7 36. h4 Kf6 37.
Ng4+ Kf5 38. Ne5 f6 39. Ng4 g5 40. h5 e5 41. dxe5 fxe5 42. Nf2 d4 43. e4+ Ke6 44. Nd3 Ra3 45. Nc5+ Kd6 46. Nb7+ Kc7 47. Nc5 d3 48. Kf2 Kc6 49. Ne6 Kb5 50. Nxg7 Kc4 51. Nf5 Kc3 52. Ne3 d2 53. Ke2 Ra1 54. h6 Re1+ 55. Kf2 d1=Q 56. Nxd1+ Rxd1 57. Kg3 Rd6 58. Kg4 Rxh6 59. Kxg5 Rh2 60. g3 Rf2 61. f4 Kd4 62. f5 Kxe4 63. f6 Kd5 64. Kg6 Ke6 0-1

[Event "Early-Titled-Tuesday-Blitz-May-28-2024"]
[Site "Chess.com"]
[Date "2024.05.28"]
[Round "4"]
[White "Triumphmate"]
[Black "toniv1"]
[Result "1-0"]
[WhiteElo "2490"]
[BlackElo "2235"]
[TimeControl "180+1"]
[EndTime "8:40:32 PDT"]
[Termination "Triumphmate won by resignation"]

1. e4 Nf6 2. Nc3 d6 3. d4 g6 4. Be3 Bg7 5. Qd2 a6 6. O-O-O b5 7. f3 Nbd7 8. h4 h5 9. Nh3 Bb7 10. Ng5 c5 11. dxc5 dxc5 12. f4 O-O 13. e5 Ng4 14.
Be2 Nxe3 15. Qxe3 e6 16. Rd6 Qc7 17. Bxh5 Nb6 18. Rhd1 Nc4 19. Qh3 gxh5 20. Qd3 f5 21.
Nxe6 Qf7 22. Nxg7 Nxd6 23. Nxh5 Ne4 24. Nxe4 Bxe4 25. Qg3+ Kh8 26. Qg5 Qh7 27. Rd6 Bf3 28. Rh6 Bxh5 29. Rxh7+ Kxh7 30. Qxh5+ Kg7 31. Qg5+ Kf7 32.
Qf6+ Ke8 33. Qe6+ Kd8 34. Qd6+ Ke8 35. e6 Rd8 36. Qc6+ Ke7 37. Qxc5+ Kxe6 38. Qe5+ Kf7 39.
Qxf5+ Ke7 40. Qe5+ Kd7 41. f5 Rde8 42. Qd5+ Kc7 43. b3 Rf6 44. g4 Rd6 45. Qc5+ Kd7 46. h5 Re1+ 47. Kb2 Re2 48. Qa7+ Kd8 49. Qb8+ Kd7 50.
Qb7+ Kd8 51. g5 Rdd2 52. Qc6 a5 53. a4 b4 54. f6 Rd1 55. Qb6+ Kd7 56. Qb5+ Kd8 57.
Qxe2 1-0

[Event "Early-Titled-Tuesday-Blitz-May-28-2024"]
[Site "Chess.com"]
[Date "2024.05.28"]
[Round "4"]
[White "kecalk"]
[Black "Lennis93"]
[Result "0-1"]
[WhiteElo "2547"]
[BlackElo "2766"]
[TimeControl "180+1"]
[EndTime "8:40:33 PDT"]
[Termination "Lennis93 won by resignation"]

1. d4 Nf6 2. Nf3 d5 3. c4 dxc4 4. e3 a6 5. Bxc4 e6 6. O-O Be7 7. a4 b6 8. Qe2 Bb7 9. Rd1 Nbd7 10.
Nc3 Bb4 11. e4 Bxc3 12. bxc3 Nxe4 13. Rd3 O-O 14. h4 Nd6 15. Bb3 Be4 16. Re3 Bf5 17. Ba3 Nf6 18. Ne5 Nd5 19. Bxd5 exd5 20. Nc6 Qd7 21. Ne7+ Kh8 22. Bxd6 cxd6 23. Nxd5 Qd8 24. h5 h6 25. Qf3 Be6 26. Nf4 Bc4 27. Rae1 Qd7 28. Re7 Qxa4 29. Qe3 Qc2 30. d5 b5 31. Qd4 a5 32. Ng6+ Kg8 33. Nxf8 Rxf8 34. Re8 Qf5 35.
Rxf8+ Kxf8 36. Qh4 f6 37. Qg3 Qxd5 38. Qg6 Qf7 39.
Qf5 Kg8 40. Qc8+ Kh7 41. Re8 Qxh5 42. Rh8+ Kg6 43. Qe8+ Bf7 44. Qe3 Qe5 45. Qd3+ f5 46. Rd8 Bd5 47. Qg3+ Qxg3 48. fxg3 Kf6 49. Rxd6+ Ke5 50.
Rb6 Bc4 51. Kf2 Ke4 52. Ra6 a4 53. Rg6 Kd3 54. Rxg7 Kxc3 55. Ra7 Kb2 56. Ke3 a3 57. Kf4 a2 58. Kxf5 a1=Q 59. Rxa1 Kxa1 60. Kg6 Bf1 61. Kxh6 Bxg2 0-1

[Event "Early-Titled-Tuesday-Blitz-May-28-2024"]
[Site "Chess.com"]
[Date "2024.05.28"]
[Round "4"]
[White "CristianS27"]
[Black "dinushkipremanath"]
[Result "1-0"]
[WhiteElo "2525"]
[BlackElo "2333"]
[TimeControl "180+1"]
[EndTime "8:40:33 PDT"]
[Termination "CristianS27 won by checkmate"]

1. e4 e6 2. d4 d5 3. Nc3 Nf6 4. Bg5 Be7 5. e5 Nfd7 6. Bxe7 Qxe7 7. f4 a6 8. Nf3 c5 9. Qd2 Nc6 10. dxc5 Nxc5 11. O-O-O b5 12. Bd3 b4 13. Ne2 a5 14.
Kb1 a4 15. Ned4 Nxd4 16. Nxd4 b3 17. cxb3 axb3 18. a3 O-O 19. Rc1 Nxd3 20. Qxd3 Ba6 21. Qc3 Rfc8 22. Qxb3 Bc4 23. Qe3 Qb7 24. b4 Ra4 25.
Rc3 Rca8 26. Kb2 Rxb4+ 27. axb4 Ra2+ 28. Kc1 Ra1+ 29. Kd2 Rxh1 30. Nc2 Rxh2 31. Qg1 Rh4 32. g3 Rh6 33. Qg2 g6 34. Rxc4 Kg7 35. Rd4 Qa6 36.
Qe2 Qa2 37. b5 Rh1 38. b6 Qb2 39. Rb4 Qc1+ 40. Kc3 Rd1 41. Qxd1 Qxd1 42. b7 Qf3+ 43. Kb2 d4 44. b8=Q Qc3+ 45. Kb1 d3 46. Rb2 d2 47.
Qd6 Qc5 48. Qxc5 d1=Q+ 49. Ka2 Qa1+ 50. Kxa1 g5 51. Qe7 h6 52. Qf6+ Kh7 53. Nd4 Kg8 54. Rb7 Kf8 55. Qxf7# 1-0